 Dungeon Crawl Stone Soup version 0.30.0-5-g1a98f26d00 (webtiles) character file.

Game seed: 1713536249457382651

90677 Strat the Fighter (level 16, -8/105 HPs)
             Began as a Tengu Enchanter on May 9, 2023.
             Was a High Priest of Sif Muna.
             Killed from afar by an ice dragon (53 damage)
             ... with a blast of cold
             ... on level 15 of the Dungeon.
             The game lasted 01:39:33 (30110 turns).

Strat the Fighter (Tengu Enchanter)                Turns: 30110, Time: 01:39:36

Health: -8/105     AC: 21    Str: 10    XL:     16   Next: 1%
Magic:  16/31      EV: 36    Int: 18    God:    Sif Muna [*****.]
Gold:   851        SH:  5    Dex: 30    Spells: 13/35 levels left

rFire   . . .        a - +7 sling "Ogrebane" {freeze, Dex+3}
rCold   . . .        (no shield)
rNeg    + + .        L - +5 steam dragon scales
rPois   .            H - +2 hat
rElec   .            x - +2 cloak
rCorr   .            p - +0 pair of gloves of Wu Jian's Hatred {Dex+4 Stlth+}
SInv    .            (boots unavailable)
Will    +....        V - amulet of reflection
Stlth   +++++        F - ring of Xoepue {rN++ AC+4 Dex+4}
HPRegen 0.37/turn    w - +5 ring of evasion
MPRegen 0.22/turn

%: reflection
@: forested, flying quickly and evasively, quick
A: beak, talons 3, nimble flight, devolution 1
a: Renounce Religion, Channel Magic, Forget Spell, Divine Exegesis


You were on level 15 of the Dungeon.
You worshipped Sif Muna.
Sif Muna was extremely pleased with you.
You visited 4 branches of the dungeon, and saw 23 of its levels.
You visited the Abyss 1 time.
You visited 1 bazaar.
You also visited: Gauntlet.

You collected 3661 gold pieces.
You spent 2810 gold pieces at shops.

Inventory:

Hand Weapons
 a - the +7 sling "Ogrebane" (weapon) {freeze, Dex+3}
   (You found it on level 2 of the Lair of Beasts)

   Dex:       It affects your dexterity (+3).
 b - a +3 short sword of electrocution
 u - the +1 rapier of Past Mistakes {freeze, +Blink rCorr Int+2}
   (You bought it in a shop on level 2 of the Orcish Mines)

   Int:       It affects your intelligence (+2).
   +Blink:    It lets you blink.
   rCorr:     It protects you from acid and corrosion.
Missiles
 t - 61 poisoned darts
 B - 7 curare-tipped darts
 I - 7 throwing nets
Armour
 p - the +0 pair of gloves of Wu Jian's Hatred (worn) {Dex+4 Stlth+}
   (You bought it in a shop on level 2 of the Orcish Mines)

   Dex:       It affects your dexterity (+4).
   Stlth:     It makes you more stealthy.
 v - a +2 pair of gloves
 x - a +2 cloak (worn)
 D - a +2 buckler
 H - a +2 hat (worn)
 L - +5 steam dragon scales (worn)
 T - +0 acid dragon scales
Jewellery
 h - a ring of positive energy
 i - a ring of willpower
 j - a +4 ring of slaying
 m - a ring of protection from cold
 n - a ring of protection from cold
 w - a +5 ring of evasion (right hand)
 C - a ring of resist corrosion
 F - the ring of Xoepue (left hand) {rN++ AC+4 Dex+4}
   (You bought it in a shop on level 15 of the Dungeon)

   [ring of protection]

   AC:        It affects your AC (+4).
   Dex:       It affects your dexterity (+4).
   rN:        It greatly protects you from negative energy.
 M - a ring of wizardry
 V - an amulet of reflection (around neck)
Wands
 g - a wand of digging (14)
 E - a wand of paralysis (25)
 G - a wand of flame (38)
 R - a wand of mindburst (12)
 S - a wand of quicksilver (4)
 X - a wand of polymorph (5)
 Y - a wand of iceblast (25)
Scrolls
 c - a scroll of magic mapping
 d - 5 scrolls of poison
 f - a scroll of brand weapon
 l - 18 scrolls of identify
 r - 5 scrolls of blinking
 s - 3 scrolls of teleportation
 y - 3 scrolls of enchant armour
 z - 5 scrolls of butterflies
 N - a scroll of enchant weapon
 O - 2 scrolls of amnesia
 Q - a scroll of silence
 Z - 2 scrolls of fog
Potions
 e - 2 potions of magic
 k - a potion of curing
 o - 2 potions of mutation
 q - 5 potions of brilliance
 J - 3 potions of lignification
 K - 4 potions of cancellation
 P - 6 potions of ambrosia
 W - 3 potions of haste
Miscellaneous
 A - a condenser vane


   Skills:
 + Level 13.8 Fighting
 - Level 10.0 Short Blades
 - Level 5.0 Ranged Weapons
 - Level 5.0 Armour
 + Level 12.3 Dodging
 - Level 5.0 Stealth
 - Level 10.0 Spellcasting
 - Level 12.0 Conjurations
 - Level 2.1 Hexes
 - Level 11.7 Summonings
 - Level 5.0 Translocations
 - Level 3.0 Ice Magic
 - Level 7.0 Air Magic


You had 13 spell levels left.
You knew the following spells:

 Your Spells              Type           Power      Damage    Failure   Level
a - Summon Guardian Gole  Hex/Summ       34%        N/A       1%          3
b - Blink                 Tloc           54%        N/A       1%          2
c - Dazzling Flash        Conj/Hex       68%        N/A       1%          3
d - Freezing Cloud        Conj/Ice/Air   17%        6-21      11%         5
e - Summon Forest         Summ/Tloc      19%        N/A       7%          5
f - Summon Lightning Spi  Summ/Air       42%        N/A       1%          4

Your spell library contained the following spells:

 Spells                   Type           Power      Damage    Failure   Level
 Foxfire                  Conj/Fire      100%       2x1d9     1%          1
 Summon Small Mammal      Summ           100%       N/A       1%          1
 Call Imp                 Summ           100%       N/A       1%          2
 Lesser Beckoning         Tloc           54%        N/A       1%          2
 Searing Ray              Conj           100%       2d8       1%          2
 Call Canine Familiar     Summ           50%        N/A       1%          3
 Stone Arrow              Conj/Erth      60%        3d10      1%          3
 Vhi's Electric Charge    Tloc/Air       60%        N/A       1%          3
 Iskenderun's Battlesphe  Conj           51%        2d10      1%          5
 Gell's Gravitas          Tloc           27%        N/A       3%          3
 Teleport Other           Tloc           27%        N/A       3%          3
 Summon Ice Beast         Ice/Summ       35%        N/A       3%          4
 Cigotuvi's Dreadful Rot  Necr/Pois/Air  34%        N/A       4%          2
 Ensorcelled Hibernation  Hex/Ice        36%        N/A       4%          2
 Fulminant Prism          Conj/Hex       17%        3d10      4%          4
 Animate Armour           Summ/Erth      60%        N/A       7%          4
 Flame Wave               Conj/Fire      30%        2d9       7%          4
 Necrotise                Necr           36%        1d5       8%          1
 Sandblast                Erth           18%        2d7       8%          1
 Volatile Blastmotes      Fire/Tloc      36%        2d13      9%          3
 Confusing Touch          Hex            16%        N/A       10%         3
 Tukima's Dance           Hex            16%        N/A       10%         3
 Passwall                 Tmut/Erth      7%         N/A       12%         2
 Scorch                   Fire           18%        2d6       12%         2
 Fireball                 Conj/Fire      15%        3d8       19%         5
 Ignite Poison            Fire/Tmut/Pois 9%         N/A       24%         3
 Vampiric Draining        Necr           9%         2d6       24%         3
 Conjure Ball Lightning   Conj/Air       21%        3x3d6     24%         6
 Cause Fear               Hex            8%         N/A       32%         4
 Orb of Destruction       Conj           25%        9d9       43%         7
 Anguish                  Hex/Necr       6%         N/A       45%         4
 Monstrous Menagerie      Summ           25%        N/A       50%         7
 Summon Hydra             Summ           25%        N/A       50%         7
 Animate Dead             Necr           9%         N/A       61%         4
 Iron Shot                Conj/Erth      15%        9d4       71%         6
 Starburst                Conj/Fire      15%        6d6       71%         6
 Dispersal                Tloc           13%        N/A       83%         6
 Agony                    Necr           9%         N/A       91%         5
 Alistair's Intoxication  Tmut/Pois      6%         N/A       91%         5
 Blade Hands              Tmut           4%         N/A       91%         5
 Borgnjor's Vile Clutch   Necr/Erth      4%         N/A       91%         5
 Death Channel            Necr           4%         N/A       100%        6
 Eringya's Noxious Bog    Tmut/Pois      4%         N/A       100%        6
 Enfeeble                 Hex            8%         N/A       100%        7
 Ignition                 Fire           4%         3d4       100%        8


Dungeon Overview and Level Annotations

Branches:
Dungeon (15/15)            Temple (1/1) D:7            Lair (5/5) D:11
 Shoals (0/4) Lair:2        Snake (0/4) Lair:3        Slime (0/5) Lair:5
    Orc (2/2) D:12            Elf (0/3) Orc:2        Vaults (0/5) D:14
Gauntlet (visited)
 Depths: D:15

Altars:
Ashenzari
Cheibriados
Dithmenos
Elyvilon
Fedhas
Gozag
Hepliaklqana
Kikubaaqudgha
Makhleb
Nemelex Xobeh
Qazlal
Ru
Sif Muna
Trog
Vehumet
Wu Jian
Xom
Yredelemnul
Zin
The Shining One
Jiyva

Shops:
D:5 =!?   D:6 *   D:10 (   D:14 *   D:15 =   Orc:2 **:([*

Annotations:
D:10 2 runed translucent doors
Lair:1 Nergalle


Innate Abilities, Weirdness & Mutations

You have a beak for a mouth.
You have claws for feet.
Your magical nature lets you fly swiftly and evasively.
You have hidden genetic defects.


Message History

Something tramples your lightning spire but does no damage.
You hit the fire dragon. Your kick misses the fire dragon.
The fire dragon is almost dead.
Your lightning spire shoots out a bolt of lightning at the fire dragon!
The bolt of electricity hits the fire dragon!
The fire dragon dies!
Sif Muna accepts your kill.
The fire dragon scales are intact enough to wear.
You have reached level 16!
You feel clever.
You start resting.
Something bites your lightning spire.
Something claws your lightning spire but does no damage.
Something tramples your lightning spire.
Unknown command.
Something bites your lightning spire. Something claws your lightning spire.
Something completely misses your lightning spire.
Something bites your lightning spire.
Your lightning spire is destroyed!
Your lightning spire disappears in a puff of smoke!
Casting: Summon Lightning Spire (mildly dangerous; 1% risk of failure)
Confirm with . or Enter, or press ? or * to list all spells.
A guardian golem appears, shielding your allies.
Your +3 short sword of electrocution stops crackling.
You feel agile.
The +7 sling "Ogrebane" {freeze, Dex+3} is covered in frost.
a - the +7 sling "Ogrebane" (weapon)
{freeze, Dex+3} You are too injured to fight recklessly!
Fire: a) +7 sling "Ogrebane" {freeze, Dex+3}
Press: ? - help, Q - select action, (/) - cycle Shift-Dir - straight line, f - ice dragon
Aim: an ice dragon (moderately wounded, ally target, 80% to hit)
You shoot a sling bullet.
The sling bullet closely misses the ice dragon.
Unknown command.
Casting: Summon Guardian Golem (safe; 1% risk of failure)
Confirm with . or Enter, or press ? or * to list all spells.
An electric hum fills the air.
The ice dragon breathes frost at you. The blast of cold hits you!!!
Ouch! That really hurt!
You die...

#################################
........#.......@.8...#..<......#
........#.........9...#.........#
........#.........D...#.........+
........#.............#.........#
........######♣#♣###[##.........#
.........##.#.........##♣♣##....#
........##D.'.♣....§..♣....##'###
.......##...#.........'....#.....
......##... #.........#...♣#.....


You could see an ice dragon (catching breath, ally target), a friendly guardian
golem (summoned) and a friendly lightning spire (summoned, sheltered).

Vanquished Creatures
  A tentacled starspawn (Abyss:3)
  Gastronok (Lair:3)
  Frances (D:14)
  An orc warlord (Orc:2)
  Azrael (D:14)
  Nessos (Orc:2)
  A minotaur (Gauntlet)
  A spriggan zombie (Abyss:3)
  5 hydras
  A catoblepas (Lair:5)
  An ogre mage (D:15)
  4 two-headed ogres
  3 centaur warriors
  5 boulder beetles
  4 death yaks
  2 orc high priests
  Sonja (Lair:4)
  3 skeletal warriors
  3 orc knights (Orc:2)
  4 deep elf pyromancers
  4 lindwurms (Lair:3)
  2 orc sorcerers
  7 ugly things
  3 manticores
  An oklob plant (Gauntlet)
  A will-o-the-wisp (Abyss:3)
  A worldbinder (Gauntlet)
  5 cyclopes
  4 black mambas
  An elephant (shapeshifter) (D:14)
  5 elephants (Lair:5)
  2 smoke demons
  A torpor snail (Lair:4)
  2 unseen horrors
  5 cane toads
  3 gargoyles
  3 rime drakes
  7 komodo dragons
  5 kobold demonologists
  A queen bee (D:9)
  2 trolls
  10 polar bears
  A polar bear (shapeshifter) (D:14)
  A red devil (Gauntlet)
  8 hornets
  16 blink frogs
  4 dream sheep (Lair:5)
  3 flying skulls (Abyss:3)
  3 wyverns
  6 slime creatures (D:12)
  A shadow (D:9)
  A water elemental (D:14)
  3 wraiths
  12 spriggans (Lair:5)
  31 yaks
  3 fire elementals (D:14)
  3 steam dragons
  5 basilisks
  A neqoxec (Abyss:3)
  2 vampire mosquitoes (D:14)
  4 wargs
  4 acid dragons
  A naga (Lair:3)
  2 hell hounds (D:14)
  12 water moccasins
  21 orc warriors
  2 ice beasts
  A sky beast (D:7)
  4 black bears
  5 boggarts
  30 wolves
  15 centaurs
  7 ogres
  A phantom (D:5)
  6 kobold brigands
  13 bullfrogs
  2 gnoll sergeants
  A scorpion (D:6)
  13 wights
  27 killer bees
  3 electric eels
  3 crimson imps (Gauntlet)
  5 jellies
  3 gnoll boudas
  A hound (D:5)
  16 orc priests
  A sleepcap (D:5)
  4 iguanas
  19 orc wizards
  19 gnolls
  7 adders
  A shadow imp (D:7)
  An ufetubus (D:7)
  3 worms
  A dart slug (D:1)
  75 orcs
  8 endoplasms
  2 giant cockroaches (D:2)
  16 goblins
  11 hobgoblins
  11 jackals
  48 kobolds
  A quokka (D:1)
  9 ball pythons
  2 bats (D:3)
  2 frilled lizards (D:2)
  A rat (D:3)
  A spectral orc (D:8)
668 creatures vanquished.

Vanquished Creatures (collateral kills)
  A fire dragon (D:15)
  2 centaur warriors
  A death knight (D:14)
  An orc knight (Orc:2)
  2 wizards
  2 deep elf pyromancers (D:15)
  An ugly thing (D:14)
  A culicivora (shapeshifter) (D:15)
  A flying skull (Abyss:3)
  A wraith (D:14)
  A ynoxinul (Abyss:3)
  A neqoxec (Abyss:3)
  3 orc warriors (Orc:2)
  2 centaurs
  Blork the orc (Orc:2)
  An orc priest (Orc:2)
  2 orc wizards (Orc:2)
  An orc (Orc:2)
25 creatures vanquished.

Vanquished Creatures (others)
  Louise (D:14)
  A centaur warrior (D:15)
  2 two-headed ogres (D:15)
  An orc sorcerer (Orc:2)
  A freezing wraith (D:14)
  A steam dragon (D:10)
  An orc warrior (Orc:2)
  An orc wizard (Orc:2)
  An orc (Orc:1)
  9 foxfires (Abyss:3)
  3 starspawn tentacles (Abyss:3)
22 creatures vanquished.

Grand Total: 715 creatures vanquished

Notes
Turn   | Place    | Note
-------+----------+-------------------------------------------
     0 | D:1      | Strat the Tengu Enchanter began the quest for the Orb.
     0 | D:1      | Reached XP level 1. HP: 10/10 MP: 4/4
    26 | D:1      | Reached XP level 2. HP: 11/16 MP: 6/6
    57 | D:1      | Learned a level 2 spell: Ensorcelled Hibernation
   281 | D:1      | Reached skill level 1 in Fighting
   289 | D:1      | Reached XP level 3. HP: 10/20 MP: 7/7
   949 | D:2      | Reached XP level 4. HP: 25/25 MP: 8/8
  1599 | D:3      | Learned a level 3 spell: Confusing Touch
  1749 | D:3      | Found an opulent altar of Gozag.
  1902 | D:3      | Found an ornate altar of the Wu Jian Council.
  2053 | D:3      | Reached skill level 2 in Fighting
  2053 | D:3      | Gained mutation: Your magical nature lets you fly swiftly
                  | and evasively. [Tengu growth]
  2053 | D:3      | Reached XP level 5. HP: 30/30 MP: 9/9
  2053 | D:3      | Found a hazy altar of Hepliaklqana.
  2325 | D:4      | Identified the +1 robe of Indomitability {Contam rCorr
                  | Dex+6}
  2557 | D:4      | Noticed an ogre
  2589 | D:5      | Entered Level 5 of the Dungeon
  2694 | D:5      | Noticed a phantom
  3016 | D:5      | Noticed an ogre
  3018 | D:5      | Reached XP level 6. HP: 36/36 MP: 10/10
  3079 | D:5      | Found Buss's Jewellery Shop.
  3357 | D:5      | Noticed an ice beast
  3371 | D:5      | Killed an ice beast
  3372 | D:5      | Reached skill level 3 in Fighting
  3372 | D:5      | Reached skill level 5 in Short Blades
  3383 | D:5      | Identified a scroll of acquirement
  3383 | D:5      | Acquired 362 gold pieces
  3409 | D:5      | Reached XP level 7. HP: 41/41 MP: 11/11
  3710 | D:5      | Found Kelur's Distillery.
  3921 | D:5      | Found Qyosaf's Magic Scroll Shoppe.
  3927 | D:5      | Bought a scroll of teleportation for 33 gold pieces
  3955 | D:5      | Bought a +5 ring of evasion for 432 gold pieces
  4114 | D:6      | Reached skill level 4 in Fighting
  4114 | D:6      | Reached skill level 5 in Dodging
  4194 | D:6      | Reached XP level 8. HP: 5/48 MP: 12/12
  4513 | D:6      | Reached skill level 5 in Fighting
  4520 | D:6      | Reached skill level 1 in Armour
  4878 | D:6      | Reached skill level 6 in Fighting
  4942 | D:6      | Found Zin's Purification Station.
  4947 | D:6      | Found a glowing silver altar of Zin.
  5066 | D:6      | Found a glowing golden altar of the Shining One.
  5224 | D:6      | Reached XP level 9. HP: 55/55 MP: 13/13
  5469 | D:7      | Found a staircase to the Ecumenical Temple.
  5517 | Temple   | Entered the Ecumenical Temple
  5562 | Temple   | Became a worshipper of Sif Muna the Loreminder
  5746 | D:7      | Identified the +5 rapier of Munlof {heavy, rC+ rCorr Str+5}
  5772 | D:7      | Reached skill level 7 in Fighting
  5840 | D:7      | Reached skill level 5 in Armour
  6212 | D:7      | Found a sacrificial altar of Ru.
  6426 | D:7      | You are sucked into a shaft and drop 2 floors!
  6722 | D:8      | Found a burning altar of Makhleb.
  6885 | D:8      | Reached skill level 8 in Fighting
  6949 | D:8      | Reached XP level 10. HP: 64/64 MP: 14/14
  6957 | D:8      | Reached skill level 10 in Short Blades
  7051 | D:8      | Found a basalt altar of Yredelemnul.
  7147 | D:8      | Reached * piety under Sif Muna
  7385 | D:9      | Reached skill level 9 in Fighting
  7598 | D:9      | Reached skill level 10 in Fighting
  7689 | D:9      | Reached ** piety under Sif Muna
  8519 | D:9      | Reached XP level 11. HP: 72/72 MP: 18/18
  8668 | D:9      | Reached *** piety under Sif Muna
  8828 | D:10     | Entered Level 10 of the Dungeon
  8979 | D:10     | Found an ancient bone altar of Kikubaaqudgha.
  9093 | D:10     | Found Joesydaa's Weapon Emporium.
  9134 | D:10     | Noticed a two-headed ogre
  9157 | D:10     | Killed a two-headed ogre
  9158 | D:10     | Reached skill level 10 in Dodging
  9203 | D:10     | Reached skill level 5 in Stealth
  9462 | D:10     | Found a snail-covered altar of Cheibriados.
  9575 | D:10     | Found a shimmering altar of Xom.
  9629 | D:10     | Found a large runed translucent door.
  9629 | D:10     | Found a large runed translucent door.
 10072 | D:11     | Reached skill level 11 in Fighting
 10136 | D:11     | Found a staircase to the Lair.
 10275 | D:11     | Noticed a soul eater
 10333 | D:11     | Reached **** piety under Sif Muna
 10469 | D:11     | Noticed a boulder beetle
 10856 | D:11     | Killed a boulder beetle
 10895 | D:11     | Noticed a cyclops
 10909 | D:11     | Killed a cyclops
 10910 | D:11     | Reached skill level 12 in Fighting
 10949 | D:11     | Noticed a skeletal warrior
 11136 | D:11     | Killed a skeletal warrior
 11137 | D:11     | Reached XP level 12. HP: 61/82 MP: 19/19
 12138 | D:12     | Noticed a boulder beetle
 12206 | Lair:1   | Entered Level 1 of the Lair of Beasts
 12223 | Lair:1   | Reached skill level 13 in Fighting
 12354 | Lair:1   | Noticed Nergalle
 12368 | Lair:1   | Acquired 1006 gold pieces
 12921 | Lair:1   | Learned a level 3 spell: Dazzling Flash
 12994 | Lair:1   | Reached skill level 1 in Conjurations
 13164 | Lair:1   | Noticed a death yak
 13164 | Lair:1   | Noticed a death yak
 13164 | Lair:1   | Noticed a death yak
 13164 | Lair:1   | Noticed a death yak
 13361 | Lair:1   | Reached skill level 5 in Conjurations
 13428 | Lair:1   | Identified the +7 morningstar "Ciruah" {freeze, rElec
                  | rPois}
 13551 | Lair:2   | Found a frozen archway.
 13690 | Lair:2   | Identified the +7 sling "Ogrebane" {freeze, Dex+3}
 13711 | Lair:2   | Found a staircase to the Shoals.
 13728 | Lair:2   | Noticed a death yak
 13775 | Lair:2   | Killed a death yak
 13980 | Lair:2   | Learned a level 5 spell: Freezing Cloud
 13994 | Lair:2   | Noticed a death yak
 13994 | Lair:2   | Noticed a death yak
 14634 | Lair:2   | Reached skill level 1 in Air Magic
 15145 | Lair:3   | Reached skill level 5 in Air Magic
 15145 | Lair:3   | Reached XP level 13. HP: 85/88 MP: 20/20
 15321 | Lair:3   | Identified the +8 chain mail "Waneh" {rPois Int+5}
 15479 | Lair:3   | Noticed Gastronok
 15632 | Lair:3   | Reached skill level 10 in Conjurations
 15997 | Lair:3   | Found a staircase to the Snake Pit.
 16215 | Lair:3   | Killed Gastronok
 16417 | Lair:3   | Reached skill level 1 in Ranged Weapons
 16542 | Lair:3   | Identified the +6 pearl dragon scales "Amaqoz" {Rampage
                  | Drain rC+ rN+ Dex+5}
 16551 | Lair:3   | Identified the staff of cold "Seirphog" {rC+ Dex+3}
 17324 | Lair:4   | Found a gate leading to a gauntlet.
 17334 | Gauntlet | Entered a Gauntlet
 17334 | Gauntlet | Found a transporter.
 17334 | Gauntlet | Found a transporter.
 17334 | Gauntlet | Found a transporter.
 17363 | Gauntlet | Found a transporter.
 17365 | Gauntlet | Found a transporter.
 17379 | Gauntlet | Found a transporter.
 17379 | Gauntlet | Found a transporter.
 17381 | Gauntlet | Found a transporter.
 17381 | Gauntlet | Found a transporter.
 17413 | Gauntlet | Found a transporter.
 17431 | Gauntlet | Found a transporter.
 17439 | Gauntlet | Found a transporter.
 17702 | Gauntlet | Noticed an ironbound thunderhulk
 17704 | Gauntlet | Noticed an ironbound thunderhulk
 17704 | Gauntlet | Noticed a cyan very ugly thing
 17711 | Gauntlet | Noticed an ironbound thunderhulk
 17711 | Gauntlet | Noticed a cyan very ugly thing
 17772 | Gauntlet | Reached ***** piety under Sif Muna
 17901 | Gauntlet | Reached skill level 5 in Ranged Weapons
 17919 | Gauntlet | Noticed a minotaur
 17993 | Gauntlet | Killed a minotaur
 18137 | Gauntlet | Identified the +2 falchion "Cenuuppu" {heavy, Contam rPois
                  | rF+ Int+4}
 18165 | Lair:4   | Acquired the Omnibus of the Unseen Realm
 18173 | Lair:4   | Learned a level 5 spell: Summon Forest
 18256 | Lair:4   | Reached skill level 1 in Summonings
 18299 | Lair:4   | Noticed Sonja
 18593 | Lair:4   | Killed Sonja
 18985 | Lair:4   | Reached skill level 5 in Spellcasting
 19393 | Lair:5   | Entered Level 5 of the Lair of Beasts
 19416 | Lair:5   | Reached skill level 5 in Summonings
 19507 | Lair:5   | Received a gift from Sif Muna
 19510 | Lair:5   | Got Sif Muna's Discourse on Combustion {god gift}
 19519 | Lair:5   | Found a viscous altar of Jiyva.
 19531 | Lair:5   | Found a staircase to the Slime Pits.
 19843 | Lair:5   | Reached XP level 14. HP: 94/94 MP: 24/24
 20008 | Lair:5   | Reached skill level 1 in Translocations
 21123 | Lair:5   | Reached skill level 10 in Summonings
 21807 | D:12     | Found an ancient bone altar of Kikubaaqudgha.
 21883 | D:12     | Received a gift from Sif Muna
 21968 | D:12     | Got Sif Muna's Compendium of Distorted Burning {god gift}
 22197 | D:12     | Found a staircase to the Orcish Mines.
 23565 | Orc:1    | Entered Level 1 of the Orcish Mines
 23569 | Orc:1    | Paralysed by an orc sorcerer for 4 turns
 24191 | Orc:2    | Entered Level 2 of the Orcish Mines
 24285 | Orc:2    | Found Siora's Specific Store.
 24345 | Orc:2    | Reached skill level 5 in Translocations
 24357 | Orc:2    | Found Xuscharph's General Store.
 24459 | Orc:2    | Noticed Nessos
 24594 | Orc:2    | Found a flickering gateway to a bazaar.
 24642 | Bazaar   | Entered a bazaar
 24672 | Bazaar   | Found Igerogus's Magic Scroll Boutique.
 24680 | Bazaar   | Bought a scroll of teleportation for 42 gold pieces
 24680 | Bazaar   | Bought a scroll of teleportation for 42 gold pieces
 24680 | Bazaar   | Bought a scroll of magic mapping for 105 gold pieces
 24728 | Bazaar   | Found Nawael's Book Shoppe.
 24736 | Bazaar   | Bought Fuh Giv's Elucidation of Damage and Leadership for
                  | 440 gold pieces
 24741 | Bazaar   | Learned a level 4 spell: Summon Lightning Spire
 24783 | Bazaar   | Found Liti's Book Shoppe.
 24876 | Bazaar   | Found Dass's Jewellery Shoppe.
 24934 | Orc:2    | Found a staircase to the Elven Halls.
 25001 | Orc:2    | Reached XP level 15. HP: 95/98 MP: 27/27
 25072 | Orc:2    | Noticed an orc warlord
 25076 | Orc:2    | Received a gift from Sif Muna
 25101 | Orc:2    | Killed an orc warlord
 25120 | Orc:2    | Got Sif Muna's Incunabulum of Command {god gift}
 25249 | Orc:2    | Learned a level 3 spell: Summon Guardian Golem
 25255 | Orc:2    | Learned a level 5 spell: Freezing Cloud
 25362 | Orc:2    | Killed Nessos
 25661 | Orc:2    | Reached skill level 1 in Ice Magic
 25713 | Orc:2    | Noticed Blork the orc
 25720 | Orc:2    | Killed Blork the orc
 25766 | Orc:2    | Found Unil's General Store.
 25794 | Orc:2    | Bought a scroll of blinking for 75 gold pieces
 25803 | Orc:2    | Found Gem Wikh's Antique Weapon Boutique.
 25819 | Orc:2    | Found Juennyuf's Book Boutique.
 25835 | Orc:2    | Found Gipreat's Antique Armour Boutique.
 25842 | Orc:2    | Bought a pair of distressingly furry gloves for 266 gold
                  | pieces
 25842 | Orc:2    | Identified the +0 pair of gloves of Wu Jian's Hatred {Dex+4
                  | Stlth+} (You bought it in a shop on level 2 of the Orcish
                  | Mines)
 25868 | Orc:2    | Bought a throwing net for 30 gold pieces
 25868 | Orc:2    | Bought a scroll of enchant armour for 75 gold pieces
 25884 | Orc:2    | Bought a scorched rapier for 342 gold pieces
 25884 | Orc:2    | Identified the +1 rapier of Past Mistakes {freeze, +Blink
                  | rCorr Int+2} (You bought it in a shop on level 2 of the
                  | Orcish Mines)
 26240 | D:14     | Identified the +1 leather armour of Supple Strength {Str+5
                  | Int-5}
 27115 | D:14     | Noticed Azrael
 27116 | D:14     | Noticed Louise
 27143 | D:14     | Killed Azrael
 27358 | D:14     | Found Ycaofiut's Demolitions Depot.
 27635 | D:14     | Killed Louise
 28026 | D:14     | Noticed Frances
 28161 | D:14     | Killed Frances
 28265 | D:14     | Found a gate to the Vaults.
 28309 | D:15     | Entered Level 15 of the Dungeon
 28389 | Abyss:3  | Cast into level 3 of the Abyss (a wizard)
 28628 | Abyss:3  | Noticed a tentacled starspawn
 28642 | Abyss:3  | Killed a tentacled starspawn
 28679 | Abyss:3  | Noticed a lich
 28743 | Abyss:3  | Found a corrupted altar of Lugonu.
 28752 | Abyss:3  | Noticed a tentacled starspawn
 28755 | Abyss:3  | Found a corrupted altar of Lugonu.
 28768 | Abyss:3  | Gained mutation: You sometimes lose your temper in combat.
                  | [a neqoxec]
 28785 | Abyss:3  | Noticed a pearl dragon
 28788 | Abyss:3  | Noticed a bone dragon
 28796 | Abyss:3  | Noticed a profane servitor
 28829 | D:15     | Escaped the Abyss
 28863 | D:15     | Reached skill level 10 in Spellcasting
 29039 | D:15     | Received a gift from Sif Muna
 29042 | D:15     | Got Cyrarch's Precepts of Spatial Combat Magic {god gift}
 29119 | D:15     | Learned a level 2 spell: Blink
 29158 | D:15     | Found a shimmering blue altar of Sif Muna.
 29337 | D:15     | Found Seuzif's Jewellery Shoppe.
 29365 | D:15     | Bought the ring of Xoepue {rN++ AC+4 Dex+4} for 928 gold
                  | pieces
 29867 | D:15     | Lost mutation: You sometimes lose your temper in combat.
                  | [potion of mutation]
 29867 | D:15     | Gained mutation: You have hidden genetic defects. [potion
                  | of mutation]
 30103 | D:15     | Reached XP level 16. HP: 42/105 MP: 21/31
 30110 | D:15     | Killed from afar by an ice dragon

Illustrated notes

Levels and vault maps discovered:
D:1:      lightli_arrival_boilingwater, layout_basic
D:2:      layout_basic, kennysheep_generic_room_5
D:3:      layout_rooms, nzn_hepliaklqana_mist_gate,
          pdpol_wu_jian_five_deadly_venoms, nicolae_overflow_hidden_temple
D:4:      layout_loops_cross
D:5:      layout_loops_cross, serial_shops, shop, shop, shop
D:6:      nicolae_cairo_tiling_large_dashed, layout_loops_ring, zin_purify,
          nicolae_tso_carved_into_rock
D:7:      layout_basic, mainiacjoe_overflow_alcove_2, temple_fountains,
          dreamdust_gnoll_shepherd
D:8:      layout_cave_pools, yredelemnul_forgotten_temple_becter,
          old_standard_altar
D:9:      layout_gridville, special_room [special_room_bee]
D:10:     layout_cross, lemuel_tele_altar, mainiacjoe_overflow_small_starburst,
          mainiacjoe_overflow_boulevard, jmf_multi_god_temple2, serial_shops,
          nicolae_shop_hallway_plus, nrook_loot_triangle, lemuel_flame_loot_1
D:11:     layout_basic, david_lair_generic
D:12:     layout_cave_pools, hiddenorc1_lemuel, kiku_gazebo_garden_becter
D:13:     layout_basic
D:14:     layout_basic, david_vaults_4, nrook_pool_corridor,
          nicolae_blasting_shop, uniq_frances, uniq_azrael, uniq_louise
D:15:     grunt_enter_depths_hoard, layout_grid_maze, led_sif_pool,
          minmay_shop_enchanted_jewellery
Temple:   nicolae_temple_cloud_nine
Lair:1:   layout_long_grid, nicolae_volcano_entry_two_sided, grunt_megastairs_2,
          uniq_nergalle
Lair:2:   layout_misc_corridors, shoals_dummy_entry,
          portal_ice_cave_entry_pillars_2, serial_bayou_pond_a,
          serial_bayou_lagoon_a, st_stairs_3
Lair:3:   layout_layer_cave, guppyfry_snake_entry_island, minmay_lindwurm_lava,
          uniq_gastronok
Lair:4:   nzn_winding_woodlands_three_and_one
          [nzn_winding_woodlands_5x15_lazy_stream,
          nzn_winding_woodlands_5x15_pockets, nzn_winding_woodlands_5x15_garden,
          nzn_winding_woodlands_center_triple_pond], layout_long_grid,
          gauntlet_entry_generic, uniq_sonja
Lair:5:   minmay_lair_end_enchanted_forest, layout_regular_city,
          nicolae_slime_entry_field_trip, serial_bayou_shore_a
Orc:1:    layout_diamond_mine
Orc:2:    grunt_orc_cross, layout_diamond_mine, serial_shops,
          bzr_entry_customers, nicolae_specific_store, mines2_david, uniq_nessos

Skill      XL: |  1  2  3  4  5  6  7  8  9 10 11 12 13 14 15 |
---------------+----------------------------------------------+-----
Short Blades   | 2 3 4 5 6 8 9 10 | 10.0
Fighting       | 1 2 3 4 6 8 10 12 13 | 13.8
Dodging        | 3 4 5 8 10 11 12 | 12.3
Armour         | 3 5 |  5.0
Spellcasting   | 4 6 7 10 | 10.0
Stealth        | 5 |  5.0
Conjurations   | 8 11 12 | 12.0
Air Magic      | 5 6 7 |  7.0
Ranged Weapons | 5 |  5.0
Summonings     | 6 11 | 11.7
Translocations | 5 |  5.0
Ice Magic      | 3 |  3.0
Hexes          | |  2.1

Action                     |  1- 3 |  4- 6 |  7- 9 | 10-12 | 13-15 | 16-18 || total
---------------------------+-------+-------+-------+-------+-------+-------++-------
  Melee: Dagger            |    15 |       |       |       |       |       ||    15
         Kick              |    24 |    26 |    96 |   315 |   461 |       ||   922
         Peck              |     9 |    13 |    64 |   187 |   332 |       ||   605
         Short sword       |    70 |    93 |   300 |   850 |  1078 |       ||  2391
         Punch             |       |     2 |     3 |    22 |    23 |       ||    50
   Fire: Sling             |       |    27 |       |    83 |   748 |     1 ||   859
  Throw: Dart              |       |       |       |       |     1 |       ||     1
   Cast: Ensorcelled Hiber |       |     4 |       |       |       |       ||     4
         Summon Forest     |       |       |       |       |     9 |       ||     9
         Summon Lightning  |       |       |       |       |    36 |     1 ||    37
         Summon Guardian G |       |       |       |       |    25 |     1 ||    26
         Freezing Cloud    |       |       |       |       |     1 |       ||     1
  Evoke: Wand              |       |     2 |       |    14 |     3 |       ||    19
         Condenser vane    |       |       |       |       |     2 |       ||     2
         Box of beasts     |       |       |       |       |     1 |       ||     1
    Use: Scroll            |       |    19 |     3 |    12 |    16 |       ||    50
         Potion            |       |       |     1 |       |    17 |       ||    18
   Stab: Sleeping          |     4 |     7 |     6 |     2 |     3 |       ||    22
         Distracted        |     1 |       |     2 |       |     3 |       ||     6
         Paralysed         |       |     1 |       |     2 |       |       ||     3
         Invisible         |       |       |       |       |     2 |       ||     2
 Armour: Robe              |     9 |       |       |       |       |       ||     9
         Leather armour    |       |    23 |    42 |       |       |       ||    65
         Steam dragon scal |       |       |       |   124 |   171 |       ||   295
         Acid dragon scale |       |       |       |       |     9 |       ||     9
  Dodge: Dodged            |    37 |    43 |   157 |   652 |  1136 |       ||  2025
  Block: Other             |       |       |       |       |   234 |       ||   234
         Reflection        |       |       |       |       |    21 |       ||    21
